PITTSBURGH vs NEW YORK R

Created - May 29, 2021 at 12:24

Goals
1 2 3 T
PITTSBURGH 0 0 0 0
NEW YORK R 0 1 2 3
Shots
1 2 3 T
PITTSBURGH 2 7 5 14
NEW YORK R 6 15 12 33

1st period

No Goal

Penalties :
No Penalty

2nd period

1. NEW YORK R , Leon Draisaitl 27 (Artemi Panarin 40, Seth Jones 49) at 1:28

Penalties :
Sammy Blais (PIT) for Hooking (Minor) at 6:11

3rd period

2. NEW YORK R , Artemi Panarin 27 (Colton Parayko 43, Leon Draisaitl 31) at 8:47
3. NEW YORK R , Bo Horvat 25 (Brett Pesce 34) at 17:45

Penalties :
No Penalty

Goalie Stats

Philipp Grubauer (PIT), 30 saves from 33 shots - (0.909), L, 20-27-8, 60:00 minutes
Craig Anderson (NYR), 14 saves from 14 shots - (1.000), W, 1-1-0, 60:00 minutes

Players Stats for PITTSBURGH

Player Name              G  A  P  +/- PIM S  H  SB GA TA FO     MP     PP MP  PK MP  
------------------------------------------------------------------------------------
Andrei Svechnikov        0  0  0   0  0   1  1  0  0  0  1/3    22:56   0:00   0:44 
Brett Howden             0  0  0  -1  0   1  0  0  0  0  7/18   17:59   0:00   0:27 
Cale Makar               0  0  0  -1  0   0  0  2  0  0  0/0    20:36   0:00   1:06 
Danny DeKeyser           0  0  0  -1  0   0  5  1  0  0  0/0    20:36   0:00   1:06 
Henrik Borgstrom         0  0  0  -2  0   2  0  0  0  0  7/17   18:04   0:00   1:06 
Henrik Zetterberg        0  0  0   0  0   0  0  0  0  0  1/4     3:56   0:00   0:00 
Jamie Oleksiak           0  0  0   0  0   0  2  1  0  0  0/0    17:39   0:00   0:53 
Jonas Siegenthaler       0  0  0   0  0   1  3  0  0  0  0/0     6:35   0:00   0:00 
Jordan Greenway          0  0  0  -1  0   2  0  0  0  0  0/0    18:26   0:00   0:54 
Jordan Oesterle          0  0  0  -2  0   0  1  0  0  0  0/0    15:10   0:00   0:00 
Marcus Sorensen          0  0  0  -1  0   3  0  2  0  0  0/2    17:09   0:00   0:00 
Matt Roy                 0  0  0   0  0   0  1  1  0  0  0/0    17:39   0:00   0:53 
Mirco Mueller            0  0  0   0  0   0  0  0  0  0  0/0     6:35   0:00   0:00 
Nick Jensen              0  0  0  -2  0   0  7  0  0  0  0/0    15:10   0:00   0:00 
Pierre Engvall           0  0  0  -2  0   0  0  0  0  0  0/1    17:01   0:00   0:20 
Robert Thomas            0  0  0   0  0   2  0  0  0  0  9/24   20:02   0:00   0:27 
Sam Gagner               0  0  0   0  0   1  0  0  0  0  1/2    19:35   0:00   0:00 
Sammy Blais              0  0  0  -2  2   1  2  0  0  0  1/3    20:00   0:00   0:00 
Tim Schaller             0  0  0   0  0   0  0  0  0  0  0/0     2:52   0:00   0:00 

Players Stats for NEW YORK R

Player Name              G  A  P  +/- PIM S  H  SB GA TA FO     MP     PP MP  PK MP  
------------------------------------------------------------------------------------
Andrew Cogliano          0  0  0   1  0   1  0  0  0  0  0/0    18:53   0:39   0:00 
Artemi Panarin           1  1  2   2  0   5  1  0  0  0  0/1    19:51   1:20   0:00 
Bo Horvat                1  0  1   1  0   7  0  0  0  0  18/27  18:53   0:39   0:00 
Brendan Lemieux          0  0  0   0  0   2  1  0  0  0  0/1     4:53   0:00   0:00 
Brett Pesce              0  1  1   1  0   1  0  0  0  0  0/0    18:34   0:39   0:00 
Cam Fowler               0  0  0   0  0   1  3  0  0  0  0/0    17:23   0:00   0:00 
Colton Parayko           0  1  1   2  0   0  1  0  0  0  0/0    24:03   1:20   0:00 
Connor Brown             0  0  0   2  0   1  1  0  0  0  2/2    19:51   1:20   0:00 
Gabriel Vilardi          0  0  0   0  0   1  0  0  0  0  0/2     6:28   0:00   0:00 
Jake DeBrusk             0  0  0   0  0   2  0  0  0  0  1/1    16:23   0:00   0:00 
Kailer Yamamoto          0  0  0   0  0   1  0  0  0  0  1/2    13:06   0:00   0:00 
Leon Draisaitl           1  1  2   2  0   5  0  0  0  0  15/19  24:44   1:20   0:00 
Marc-Edouard Vlasic      0  0  0   1  0   1  0  0  0  0  0/0    18:34   0:39   0:00 
Marcus Kruger            0  0  0   1  0   0  1  0  0  0  1/1    18:53   0:39   0:00 
Mike Matheson            0  0  0   0  0   1  0  2  0  0  0/0    17:23   0:00   0:00 
Nico Hischier            0  0  0   0  0   2  1  0  0  0  9/18   16:23   0:00   0:00 
Sam Steel                0  0  0   0  0   1  0  0  0  0  0/0     1:42   0:00   0:00 
Seth Jones               0  1  1   2  0   1  1  2  0  0  0/0    24:03   1:20   0:00 

3 Stars

1 - Artemi Panarin (NYR)
2 - Leon Draisaitl (NYR)
3 - Craig Anderson (NYR)

Power Play

PITTSBURGH - 0 on 0 Attempt(s) - 0.00%
NEW YORK R - 0 on 1 Attempt(s) - 0.00%

Penalty Kill

PITTSBURGH - 1 on 1 Attempt(s) - 100.00% - Score 0 goal in Penalty Kill
NEW YORK R - 0 on 0 Attempt(s) - 0.00% - Score 0 goal in Penalty Kill

Team Stat

PITTSBURGH - Hits : 22 - Faceoff Wins : 27 - Blocked Shots : 7 - Penalty Minutes : 2
NEW YORK R - Hits : 10 - Faceoff Wins : 47 - Blocked Shots : 4 - Penalty Minutes : 0

Official

Referees : Troy Paterson and Andrew Mielniczek
Linesman : Brad Kovachik and Manny Channa

Game Notes

Kailer Yamamoto is injured at 19:00 of 2nd period (Bruised Right Arm)

Finance

Level 1 -- Attendance: 4283 (71.38%) -- Ticket Income $428,300
Level 2 -- Attendance: 3602 (72.04%) -- Ticket Income $252,140
Level 3 -- Attendance: 1221 (61.05%) -- Ticket Income $54,945
Level 4 -- Attendance: 4000 (100.00%) -- Ticket Income $80,000
Luxury Box -- Attendance: 878 (87.80%) -- Ticket Income $160,674
Game was played at the Madison Square Garden.
Total Attendance: 13984 (77.69%)
Total Ticket Income: $976,059
Total Income: $976,059

PITTSBURGH

5 vs 5 Forward 
   Center                   Left Wing                Right Wing               Time % Phy DF OF 
 1 Robert Thomas            Andrei Svechnikov        Sam Gagner               35     1   2  2  
 2 Brett Howden             Jordan Greenway          Marcus Sorensen          30     1   2  2  
 3 Henrik Borgstrom         Pierre Engvall           Sammy Blais              25     1   2  2  
 4 Henrik Zetterberg        Sammy Blais              Andrei Svechnikov        10     1   2  2  

5 vs 5 Defense 
   Defense                  Defense                                           Time % Phy DF OF 
 1 Cale Makar               Danny DeKeyser                                    35     1   2  2  
 2 Jamie Oleksiak           Matt Roy                                          30     1   2  2  
 3 Nick Jensen              Jordan Oesterle                                   25     1   2  2  
 4 Jonas Siegenthaler       Mirco Mueller                                     10     1   2  2  

PowerPlay Forward 
   Center                   Left Wing                Right Wing               Time % Phy DF OF 
 1 Robert Thomas            Andrei Svechnikov        Sam Gagner               60     1   2  2  
 2 Brett Howden             Jordan Greenway          Marcus Sorensen          40     1   2  2  

PowerPlay Defense
   Defense                  Defense                                           Time % Phy DF OF 
 1 Cale Makar               Danny DeKeyser                                    60     1   2  2  
 2 Jamie Oleksiak           Matt Roy                                          40     1   2  2  

Penalty Kill 4 Players Forward 
   Center                   Wing                     Time % Phy DF OF 
 1 Andrei Svechnikov        Jordan Greenway          60     1   2  2  
 2 Robert Thomas            Brett Howden             40     1   2  2  

Penalty Kill 4 Players Defense
   Defense                  Defense                  Time % Phy DF OF 
 1 Cale Makar               Danny DeKeyser           60     1   2  2  
 2 Jamie Oleksiak           Matt Roy                 40     1   2  2  

Penalty Kill - 3 Players Forward 
   Forward                                           Time % Phy DF OF 
 1 Andrei Svechnikov                                 60     1   2  2  
 2 Jordan Greenway                                   40     1   2  2  

Penalty Kill - 3 Players Defense
   Defense                  Defense                  Time % Phy DF OF 
 1 Cale Makar               Danny DeKeyser           60     1   2  2  
 2 Jamie Oleksiak           Matt Roy                 40     1   2  2  

4 vs 4 Forward 
   Center                   Wing                     Time % Phy DF OF 
 1 Andrei Svechnikov        Jordan Greenway          60     1   2  2  
 2 Robert Thomas            Brett Howden             40     1   2  2  

4 vs 4 Defense
   Defense                  Defense                  Time % Phy DF OF 
 1 Cale Makar               Danny DeKeyser           60     1   2  2  
 2 Jamie Oleksiak           Matt Roy                 40     1   2  2  

Last Minutes Offensive
   Center                   Left Wing                Right Wing               Defense                  Defense                  
   Robert Thomas            Andrei Svechnikov        Sam Gagner               Cale Makar               Danny DeKeyser           

Last Minutes Defensive
   Center                   Left Wing                Right Wing               Defense                  Defense                  
   Robert Thomas            Andrei Svechnikov        Sam Gagner               Cale Makar               Danny DeKeyser           

Goaltenders
Starting : Philipp Grubauer         
Backup : Jordan Binnington        

Extra Forwards
Normal : Tim Schaller, Pierre Engvall, Henrik Borgstrom - PP : Tim Schaller, Pierre Engvall - PK : Henrik Borgstrom
Extra Defensemen
Normal : Nick Jensen, Jordan Oesterle, Jonas Siegenthaler - PP : Nick Jensen - PK : Jordan Oesterle, Jonas Siegenthaler
Penalty Shots
Andrei Svechnikov, Jordan Greenway, Robert Thomas, Brett Howden, Pierre Engvall

Scratches
PIT Cap Hit (Suspend), Jack Eichel (Healthy), Daniel Sprong (Healthy)

NEW YORK R

5 vs 5 Forward 
   Center                   Left Wing                Right Wing               Time % Phy DF OF 
 1 Leon Draisaitl           Artemi Panarin           Connor Brown             35     1   2  2  
 2 Bo Horvat                Andrew Cogliano          Marcus Kruger            30     1   2  2  
 3 Nico Hischier            Jake DeBrusk             Kailer Yamamoto          25     1   2  2  
 4 Kailer Yamamoto          Brendan Lemieux          Leon Draisaitl           10     1   2  2  

5 vs 5 Defense 
   Defense                  Defense                                           Time % Phy DF OF 
 1 Seth Jones               Colton Parayko                                    35     1   2  2  
 2 Marc-Edouard Vlasic      Brett Pesce                                       30     1   2  2  
 3 Cam Fowler               Mike Matheson                                     25     1   2  2  
 4 Seth Jones               Colton Parayko                                    10     1   2  2  

PowerPlay Forward 
   Center                   Left Wing                Right Wing               Time % Phy DF OF 
 1 Leon Draisaitl           Artemi Panarin           Connor Brown             60     1   2  2  
 2 Bo Horvat                Andrew Cogliano          Marcus Kruger            40     1   2  2  

PowerPlay Defense
   Defense                  Defense                                           Time % Phy DF OF 
 1 Seth Jones               Colton Parayko                                    60     1   2  2  
 2 Marc-Edouard Vlasic      Brett Pesce                                       40     1   2  2  

Penalty Kill 4 Players Forward 
   Center                   Wing                     Time % Phy DF OF 
 1 Leon Draisaitl           Artemi Panarin           60     1   2  2  
 2 Bo Horvat                Nico Hischier            40     1   2  2  

Penalty Kill 4 Players Defense
   Defense                  Defense                  Time % Phy DF OF 
 1 Seth Jones               Colton Parayko           60     1   2  2  
 2 Marc-Edouard Vlasic      Brett Pesce              40     1   2  2  

Penalty Kill - 3 Players Forward 
   Forward                                           Time % Phy DF OF 
 1 Leon Draisaitl                                    60     1   2  2  
 2 Artemi Panarin                                    40     1   2  2  

Penalty Kill - 3 Players Defense
   Defense                  Defense                  Time % Phy DF OF 
 1 Seth Jones               Colton Parayko           60     1   2  2  
 2 Marc-Edouard Vlasic      Brett Pesce              40     1   2  2  

4 vs 4 Forward 
   Center                   Wing                     Time % Phy DF OF 
 1 Leon Draisaitl           Artemi Panarin           60     1   2  2  
 2 Bo Horvat                Nico Hischier            40     1   2  2  

4 vs 4 Defense
   Defense                  Defense                  Time % Phy DF OF 
 1 Seth Jones               Colton Parayko           60     1   2  2  
 2 Marc-Edouard Vlasic      Brett Pesce              40     1   2  2  

Last Minutes Offensive
   Center                   Left Wing                Right Wing               Defense                  Defense                  
   Leon Draisaitl           Artemi Panarin           Connor Brown             Seth Jones               Colton Parayko           

Last Minutes Defensive
   Center                   Left Wing                Right Wing               Defense                  Defense                  
   Leon Draisaitl           Artemi Panarin           Connor Brown             Seth Jones               Colton Parayko           

Goaltenders
Starting : Craig Anderson           
Backup : Malcolm Subban           

Extra Forwards
Normal : Gabriel Vilardi, Sam Steel, Jake DeBrusk - PP : Gabriel Vilardi, Sam Steel - PK : Jake DeBrusk
Extra Defensemen
Normal : Cam Fowler, Mike Matheson, Marc-Edouard Vlasic - PP : Cam Fowler - PK : Mike Matheson, Marc-Edouard Vlasic
Penalty Shots
Leon Draisaitl, Artemi Panarin, Bo Horvat, Nico Hischier, Connor Brown

Scratches
Karl Alzner (Healthy), Madison Bowey (Healthy), Frederik Andersen (Suspend)

% Time on Ice - PITTSBURGH

Lines # - Real PCT - Wanted PCT - Time Play
Normal Forward
1 - 34% - 35% - 19:35
2 - 30% - 30% - 17:32
3 - 29% - 25% - 16:58
4 - 7% - 10% - 3:56
Normal Defense
1 - 34% - 35% - 19:30
2 - 29% - 30% - 16:46
3 - 26% - 25% - 15:10
4 - 11% - 10% - 6:35
PP Forward
1 - 0% - 60%
2 - 0% - 40%
PP Defense
1 - 0% - 60%
2 - 0% - 40%
PK Forward
1 - 77% - 60% - 1:32
2 - 23% - 40% - 0:27
PK Defense
1 - 55% - 60% - 1:06
2 - 45% - 40% - 0:53
PK3 Forward
1 - 0% - 60%
2 - 0% - 40%
PK3 Defense
1 - 0% - 60%
2 - 0% - 40%
44 Forward
1 - 0% - 60%
2 - 0% - 40%
44 Defense
1 - 0% - 60%
2 - 0% - 40%
Last Minute Offensive  - 0:00
Last Minute Defensive  - 0:00
Total
Forward - 60:00
Defense - 60:00

% Time on Ice - NEW YORK R

Lines # - Real PCT - Wanted PCT - Time Play
Normal Forward
1 - 32% - 35% - 18:31
2 - 31% - 30% - 18:14
3 - 28% - 25% - 16:23
4 - 8% - 10% - 4:53
Normal Defense
1 - 32% - 35% - 18:50
2 - 31% - 30% - 17:55
3 - 30% - 25% - 17:23
4 - 7% - 10% - 3:53
PP Forward
1 - 67% - 60% - 1:20
2 - 33% - 40% - 0:39
PP Defense
1 - 67% - 60% - 1:20
2 - 33% - 40% - 0:39
PK Forward
1 - 0% - 60%
2 - 0% - 40%
PK Defense
1 - 0% - 60%
2 - 0% - 40%
PK3 Forward
1 - 0% - 60%
2 - 0% - 40%
PK3 Defense
1 - 0% - 60%
2 - 0% - 40%
44 Forward
1 - 0% - 60%
2 - 0% - 40%
44 Defense
1 - 0% - 60%
2 - 0% - 40%
Last Minute Offensive  - 0:00
Last Minute Defensive  - 0:00
Total
Forward - 60:00
Defense - 60:00

Play-by-Play

1st period


0:01 of 1st period - Leon Draisaitl wins face-off versus Robert Thomas in neutral zone.
0:08 of 1st period - Shot by Leon Draisaitl.
0:08 of 1st period - Shot Misses the Net.
0:10 of 1st period - Shot by Leon Draisaitl.
0:10 of 1st period - Shot Misses the Net.
0:38 of 1st period - Shot by Leon Draisaitl.
0:38 of 1st period - Shot Misses the Net.
1:57 of 1st period - Marcus Sorensen is hit by Cam Fowler and loses puck.
2:03 of 1st period - Jordan Greenway is hit by Cam Fowler and loses puck.
2:56 of 1st period - Shot by Henrik Borgstrom.
2:56 of 1st period - Shot Misses the Net.
4:47 of 1st period - Off-side.
4:48 of 1st period - Leon Draisaitl wins face-off versus Henrik Zetterberg in neutral zone.
6:45 of 1st period - Jordan Oesterle is hit by Cam Fowler and loses puck.
7:14 of 1st period - Robert Thomas is hit by Marcus Kruger and loses puck.
7:28 of 1st period - Shot by Robert Thomas.
7:28 of 1st period - Stopped by Craig Anderson without a rebound.
7:29 of 1st period - Leon Draisaitl wins face-off versus Brett Howden in NEW YORK R zone.
8:51 of 1st period - Marc-Edouard Vlasic is hit by Danny DeKeyser.
8:58 of 1st period - Icing by Sam Gagner.
8:59 of 1st period - Bo Horvat wins face-off versus Robert Thomas in PITTSBURGH zone.
8:59 of 1st period - Cam Fowler is hit by Danny DeKeyser and loses puck.
9:10 of 1st period - Shot by Bo Horvat.
9:10 of 1st period - Stopped by Philipp Grubauer without a rebound.
9:11 of 1st period - Leon Draisaitl wins face-off versus Pierre Engvall in PITTSBURGH zone.
9:13 of 1st period - Artemi Panarin is hit by Nick Jensen and loses puck.
10:13 of 1st period - Icing by Jordan Oesterle.
10:14 of 1st period - Bo Horvat wins face-off versus Henrik Borgstrom in PITTSBURGH zone.
10:14 of 1st period - Bo Horvat is hit by Nick Jensen.
10:33 of 1st period - Icing by Andrew Cogliano.
10:34 of 1st period - Bo Horvat wins face-off versus Robert Thomas in NEW YORK R zone.
11:00 of 1st period - Off-side.
11:01 of 1st period - Nico Hischier wins face-off versus Brett Howden in neutral zone.
11:04 of 1st period - Shot by Jake DeBrusk.
11:04 of 1st period - Stopped by Philipp Grubauer without a rebound.
11:05 of 1st period - Nico Hischier wins face-off versus Brett Howden in PITTSBURGH zone.
11:16 of 1st period - Shot by Jordan Greenway.
11:16 of 1st period - Stopped by Craig Anderson without a rebound.
11:17 of 1st period - Leon Draisaitl wins face-off versus Robert Thomas in NEW YORK R zone.
11:45 of 1st period - Shot by Marc-Edouard Vlasic.
11:45 of 1st period - Stopped by Philipp Grubauer without a rebound.
11:46 of 1st period - Brett Howden wins face-off versus Bo Horvat in PITTSBURGH zone.
12:41 of 1st period - Shot by Leon Draisaitl.
12:41 of 1st period - Stopped by Philipp Grubauer without a rebound.
12:42 of 1st period - Leon Draisaitl wins face-off versus Andrei Svechnikov in PITTSBURGH zone.
12:54 of 1st period - Connor Brown is hit by Danny DeKeyser and loses puck.
13:08 of 1st period - Icing by Danny DeKeyser.
13:09 of 1st period - Jake DeBrusk wins face-off versus Henrik Zetterberg in PITTSBURGH zone.
14:07 of 1st period - Shot by Brett Howden.
14:07 of 1st period - Shot Hit the Post.
14:16 of 1st period - Kailer Yamamoto is hit by Jonas Siegenthaler and loses puck.
15:40 of 1st period - Icing by Cam Fowler.
15:41 of 1st period - Robert Thomas wins face-off versus Bo Horvat in NEW YORK R zone.
16:26 of 1st period - Mike Matheson is hit by Andrei Svechnikov and loses puck.
16:50 of 1st period - Icing by Cale Makar.
16:51 of 1st period - Leon Draisaitl wins face-off versus Sammy Blais in PITTSBURGH zone.
16:52 of 1st period - Shot by Artemi Panarin.
16:52 of 1st period - Stopped by Philipp Grubauer without a rebound.
16:53 of 1st period - Leon Draisaitl wins face-off versus Henrik Borgstrom in PITTSBURGH zone.
17:19 of 1st period - Jordan Oesterle is hit by Connor Brown.
17:27 of 1st period - Shot by Pierre Engvall.
17:27 of 1st period - Shot Misses the Net.
17:45 of 1st period - Icing by Jordan Oesterle.
17:46 of 1st period - Nico Hischier wins face-off versus Henrik Borgstrom in PITTSBURGH zone.
17:55 of 1st period - Shot by Nico Hischier.
17:55 of 1st period - Shot Misses the Net.
18:08 of 1st period - Icing by Brett Pesce.
18:09 of 1st period - Robert Thomas wins face-off versus Nico Hischier in NEW YORK R zone.
18:22 of 1st period - Shot by Nico Hischier.
18:22 of 1st period - Stopped by Philipp Grubauer without a rebound.
18:23 of 1st period - Bo Horvat wins face-off versus Brett Howden in PITTSBURGH zone.
18:37 of 1st period - Icing by Marcus Kruger.
18:38 of 1st period - Robert Thomas wins face-off versus Bo Horvat in NEW YORK R zone.
Goals for this period are 0 for PITTSBURGH vs 0 for NEW YORK R.
Shots for this period are 2 for PITTSBURGH vs 6 for NEW YORK R.

2nd period


0:01 of 2nd period - Kailer Yamamoto wins face-off versus Robert Thomas in neutral zone.
0:06 of 2nd period - Shot by Kailer Yamamoto.
0:06 of 2nd period - Stopped by Philipp Grubauer with a rebound.
0:20 of 2nd period - Shot by Andrei Svechnikov.
0:20 of 2nd period - Stopped by Craig Anderson without a rebound.
0:21 of 2nd period - Bo Horvat wins face-off versus Sammy Blais in NEW YORK R zone.
0:58 of 2nd period - Shot by Andrew Cogliano.
0:58 of 2nd period - Shot Misses the Net.
1:00 of 2nd period - Shot by Brett Pesce.
1:00 of 2nd period - Stopped by Philipp Grubauer with a rebound.
1:28 of 2nd period - Shot by Leon Draisaitl.
1:28 of 2nd period - Goal by Leon Draisaitl - PITTSBURGH : 0 - NEW YORK R : 1.
1:29 of 2nd period - Sam Gagner wins face-off versus Nico Hischier in neutral zone.
2:13 of 2nd period - Icing by Cale Makar.
2:14 of 2nd period - Robert Thomas wins face-off versus Artemi Panarin in PITTSBURGH zone.
2:37 of 2nd period - Icing by Cale Makar.
2:38 of 2nd period - Robert Thomas wins face-off versus Bo Horvat in PITTSBURGH zone.
2:59 of 2nd period - Shot by Bo Horvat.
2:59 of 2nd period - Stopped by Philipp Grubauer with a rebound.
3:06 of 2nd period - Andrew Cogliano is hit by Matt Roy and loses puck.
3:56 of 2nd period - Leon Draisaitl is hit by Jamie Oleksiak and loses puck.
4:17 of 2nd period - Shot by Jake DeBrusk.
4:17 of 2nd period - Shot Misses the Net.
4:19 of 2nd period - Shot by Mike Matheson.
4:19 of 2nd period - Stopped by Philipp Grubauer without a rebound.
4:20 of 2nd period - Nico Hischier wins face-off versus Henrik Borgstrom in PITTSBURGH zone.
4:27 of 2nd period - Shot by Henrik Borgstrom.
4:27 of 2nd period - Shot Misses the Net.
5:27 of 2nd period - Shot by Robert Thomas.
5:27 of 2nd period - Stopped by Craig Anderson without a rebound.
5:28 of 2nd period - Leon Draisaitl wins face-off versus Robert Thomas in NEW YORK R zone.
5:41 of 2nd period - Shot by Andrei Svechnikov.
5:41 of 2nd period - Shot Misses the Net.
5:43 of 2nd period - Shot by Jonas Siegenthaler.
5:43 of 2nd period - Stopped by Craig Anderson without a rebound.
5:44 of 2nd period - Henrik Zetterberg wins face-off versus Bo Horvat in NEW YORK R zone.
5:54 of 2nd period - Bo Horvat is hit by Danny DeKeyser.
6:11 of 2nd period - Minor Penalty to Sammy Blais for Hooking.
6:12 of 2nd period - Henrik Borgstrom wins face-off versus Leon Draisaitl in PITTSBURGH zone.
7:18 of 2nd period - Icing by Brett Pesce.
7:19 of 2nd period - Bo Horvat wins face-off versus Andrei Svechnikov in NEW YORK R zone.
7:38 of 2nd period - Shot by Bo Horvat.
7:38 of 2nd period - Stopped by Philipp Grubauer without a rebound.
7:39 of 2nd period - Robert Thomas wins face-off versus Leon Draisaitl in PITTSBURGH zone.
8:18 of 2nd period - Shot by Kailer Yamamoto.
8:18 of 2nd period - Shot Misses the Net.
8:29 of 2nd period - Cam Fowler is hit by Sammy Blais and loses puck.
8:49 of 2nd period - Jake DeBrusk is hit by Nick Jensen and loses puck.
9:21 of 2nd period - Off-side.
9:22 of 2nd period - Bo Horvat wins face-off versus Robert Thomas in neutral zone.
9:26 of 2nd period - Icing by Andrei Svechnikov.
9:27 of 2nd period - Connor Brown wins face-off versus Robert Thomas in PITTSBURGH zone.
9:42 of 2nd period - Shot by Leon Draisaitl.
9:42 of 2nd period - Stopped by Philipp Grubauer without a rebound.
9:43 of 2nd period - Bo Horvat wins face-off versus Brett Howden in PITTSBURGH zone.
9:54 of 2nd period - Shot by Andrew Cogliano.
9:54 of 2nd period - Stopped by Philipp Grubauer without a rebound.
9:55 of 2nd period - Connor Brown wins face-off versus Robert Thomas in PITTSBURGH zone.
11:17 of 2nd period - Shot by Bo Horvat.
11:17 of 2nd period - Stopped by Philipp Grubauer without a rebound.
11:18 of 2nd period - Nico Hischier wins face-off versus Henrik Borgstrom in PITTSBURGH zone.
11:29 of 2nd period - Shot by Nico Hischier.
11:29 of 2nd period - Shot Misses the Net.
11:31 of 2nd period - Shot by Cam Fowler.
11:31 of 2nd period - Shot Blocked by Cale Makar.
11:33 of 2nd period - Shot by Cam Fowler.
11:33 of 2nd period - Stopped by Philipp Grubauer without a rebound.
11:34 of 2nd period - Brett Howden wins face-off versus Kailer Yamamoto in PITTSBURGH zone.
11:34 of 2nd period - Brett Howden is hit by Brendan Lemieux.
12:04 of 2nd period - Shot by Brendan Lemieux.
12:04 of 2nd period - Stopped by Philipp Grubauer with a rebound.
12:06 of 2nd period - Shot by Brendan Lemieux.
12:06 of 2nd period - Deflect By Leon Draisaitl.
12:06 of 2nd period - Stopped by Philipp Grubauer without a rebound.
12:07 of 2nd period - Bo Horvat wins face-off versus Henrik Borgstrom in PITTSBURGH zone.
12:10 of 2nd period - Shot by Bo Horvat.
12:10 of 2nd period - Stopped by Philipp Grubauer without a rebound.
12:11 of 2nd period - Bo Horvat wins face-off versus Henrik Borgstrom in PITTSBURGH zone.
13:28 of 2nd period - Artemi Panarin is hit by Jordan Oesterle.
13:44 of 2nd period - Matt Roy is hit by Artemi Panarin and loses puck.
13:56 of 2nd period - Icing by Robert Thomas.
13:57 of 2nd period - Nico Hischier wins face-off versus Robert Thomas in PITTSBURGH zone.
14:08 of 2nd period - Shot by Jake DeBrusk.
14:08 of 2nd period - Stopped by Philipp Grubauer without a rebound.
14:09 of 2nd period - Henrik Borgstrom wins face-off versus Nico Hischier in PITTSBURGH zone.
14:42 of 2nd period - Shot by Henrik Borgstrom.
14:42 of 2nd period - Stopped by Craig Anderson without a rebound.
14:43 of 2nd period - Leon Draisaitl wins face-off versus Robert Thomas in NEW YORK R zone.
15:56 of 2nd period - Shot by Marcus Sorensen.
15:56 of 2nd period - Stopped by Craig Anderson without a rebound.
15:57 of 2nd period - Henrik Borgstrom wins face-off versus Nico Hischier in NEW YORK R zone.
16:02 of 2nd period - Shot by Sammy Blais.
16:02 of 2nd period - Stopped by Craig Anderson without a rebound.
16:03 of 2nd period - Nico Hischier wins face-off versus Brett Howden in NEW YORK R zone.
16:14 of 2nd period - Icing by Cam Fowler.
16:15 of 2nd period - Nico Hischier wins face-off versus Henrik Borgstrom in NEW YORK R zone.
16:15 of 2nd period - Nico Hischier is hit by Sammy Blais.
16:37 of 2nd period - Shot by Kailer Yamamoto.
16:37 of 2nd period - Shot Misses the Net.
17:02 of 2nd period - Pierre Engvall is hit by Colton Parayko and loses puck.
17:35 of 2nd period - Leon Draisaitl is hit by Nick Jensen and loses puck.
18:03 of 2nd period - Bo Horvat is hit by Nick Jensen.
18:13 of 2nd period - Shot by Bo Horvat.
18:13 of 2nd period - Shot Misses the Net.
18:16 of 2nd period - Bo Horvat is hit by Nick Jensen and loses puck.
18:32 of 2nd period - Icing by Jordan Oesterle.
18:33 of 2nd period - Henrik Borgstrom wins face-off versus Nico Hischier in PITTSBURGH zone.
18:59 of 2nd period - Kailer Yamamoto is hit by Nick Jensen and loses puck.
19:00 of 2nd period - Kailer Yamamoto from NEW YORK R is injured at 19:00 of 2nd period (Bruised Right Arm).
19:01 of 2nd period - Leon Draisaitl wins face-off versus Robert Thomas in PITTSBURGH zone.
19:14 of 2nd period - Shot by Artemi Panarin.
19:14 of 2nd period - Shot Misses the Net.
19:16 of 2nd period - Shot by Colton Parayko.
19:16 of 2nd period - Shot Misses the Net.
19:18 of 2nd period - Shot by Connor Brown.
19:18 of 2nd period - Stopped by Philipp Grubauer without a rebound.
19:19 of 2nd period - Bo Horvat wins face-off versus Brett Howden in PITTSBURGH zone.
19:24 of 2nd period - Shot by Marcus Kruger.
19:24 of 2nd period - Shot Blocked by Jamie Oleksiak.
19:26 of 2nd period - Shot by Marc-Edouard Vlasic.
19:26 of 2nd period - Shot Misses the Net.
19:38 of 2nd period - Shot by Jordan Greenway.
19:38 of 2nd period - Stopped by Craig Anderson without a rebound.
19:39 of 2nd period - Robert Thomas wins face-off versus Gabriel Vilardi in NEW YORK R zone.
19:42 of 2nd period - Shot by Andrei Svechnikov.
19:42 of 2nd period - Shot Blocked by Seth Jones.
19:44 of 2nd period - Shot by Cale Makar.
19:44 of 2nd period - Shot Misses the Net.
Goals for this period are 0 for PITTSBURGH vs 1 for NEW YORK R.
Shots for this period are 7 for PITTSBURGH vs 15 for NEW YORK R.

3rd period


0:01 of 3rd period - Robert Thomas wins face-off versus Leon Draisaitl in neutral zone.
0:55 of 3rd period - Off-side.
0:56 of 3rd period - Bo Horvat wins face-off versus Brett Howden in neutral zone.
1:02 of 3rd period - Icing by Matt Roy.
1:03 of 3rd period - Bo Horvat wins face-off versus Brett Howden in PITTSBURGH zone.
1:06 of 3rd period - Shot by Bo Horvat.
1:06 of 3rd period - Stopped by Philipp Grubauer without a rebound.
1:07 of 3rd period - Brett Howden wins face-off versus Bo Horvat in PITTSBURGH zone.
1:33 of 3rd period - Icing by Jamie Oleksiak.
1:34 of 3rd period - Brett Howden wins face-off versus Leon Draisaitl in PITTSBURGH zone.
1:43 of 3rd period - Shot by Marcus Sorensen.
1:43 of 3rd period - Stopped by Craig Anderson without a rebound.
1:44 of 3rd period - Leon Draisaitl wins face-off versus Henrik Zetterberg in NEW YORK R zone.
1:49 of 3rd period - Shot by Leon Draisaitl.
1:49 of 3rd period - Shot Misses the Net.
1:51 of 3rd period - Shot by Artemi Panarin.
1:51 of 3rd period - Stopped by Philipp Grubauer with a rebound.
2:21 of 3rd period - Shot by Artemi Panarin.
2:21 of 3rd period - Stopped by Philipp Grubauer without a rebound.
2:22 of 3rd period - Brett Howden wins face-off versus Bo Horvat in PITTSBURGH zone.
2:59 of 3rd period - Shot by Jordan Greenway.
2:59 of 3rd period - Shot Misses the Net.
3:08 of 3rd period - Marc-Edouard Vlasic is hit by Jonas Siegenthaler and loses puck.
3:12 of 3rd period - Icing by Mirco Mueller.
3:13 of 3rd period - Andrei Svechnikov wins face-off versus Gabriel Vilardi in PITTSBURGH zone.
3:28 of 3rd period - Icing by Jonas Siegenthaler.
3:29 of 3rd period - Robert Thomas wins face-off versus Nico Hischier in PITTSBURGH zone.
3:54 of 3rd period - Andrei Svechnikov is hit by Nico Hischier and loses puck.
4:53 of 3rd period - Pierre Engvall is hit by Seth Jones and loses puck.
5:01 of 3rd period - Off-side.
5:02 of 3rd period - Marcus Kruger wins face-off versus Marcus Sorensen in neutral zone.
5:41 of 3rd period - Shot by Andrew Cogliano.
5:41 of 3rd period - Shot Blocked by Marcus Sorensen.
6:03 of 3rd period - Shot by Andrei Svechnikov.
6:03 of 3rd period - Deflect By Robert Thomas.
6:03 of 3rd period - Shot Blocked by Mike Matheson.
6:42 of 3rd period - Sam Steel is hit by Jonas Siegenthaler and loses puck.
6:55 of 3rd period - Shot by Seth Jones.
6:55 of 3rd period - Shot Misses the Net.
6:57 of 3rd period - Shot by Sam Steel.
6:57 of 3rd period - Stopped by Philipp Grubauer without a rebound.
6:58 of 3rd period - Leon Draisaitl wins face-off versus Henrik Borgstrom in PITTSBURGH zone.
7:06 of 3rd period - Artemi Panarin is hit by Danny DeKeyser.
7:24 of 3rd period - Shot by Leon Draisaitl.
7:24 of 3rd period - Stopped by Philipp Grubauer without a rebound.
7:25 of 3rd period - Brett Howden wins face-off versus Bo Horvat in PITTSBURGH zone.
7:44 of 3rd period - Shot by Brett Howden.
7:44 of 3rd period - Shot Misses the Net.
7:46 of 3rd period - Shot by Brett Howden.
7:46 of 3rd period - Stopped by Craig Anderson without a rebound.
7:47 of 3rd period - Henrik Borgstrom wins face-off versus Nico Hischier in NEW YORK R zone.
7:58 of 3rd period - Shot by Henrik Borgstrom.
7:58 of 3rd period - Deflect By Sammy Blais.
7:58 of 3rd period - Shot Blocked by Mike Matheson.
8:03 of 3rd period - Icing by Jake DeBrusk.
8:04 of 3rd period - Nico Hischier wins face-off versus Robert Thomas in NEW YORK R zone.
8:31 of 3rd period - Shot by Nico Hischier.
8:31 of 3rd period - Shot Misses the Net.
8:33 of 3rd period - Shot by Nico Hischier.
8:33 of 3rd period - Stopped by Philipp Grubauer without a rebound.
8:34 of 3rd period - Leon Draisaitl wins face-off versus Brett Howden in PITTSBURGH zone.
8:47 of 3rd period - Shot by Artemi Panarin.
8:47 of 3rd period - Goal by Artemi Panarin - PITTSBURGH : 0 - NEW YORK R : 2.
8:48 of 3rd period - Henrik Borgstrom wins face-off versus Bo Horvat in neutral zone.
8:59 of 3rd period - Shot by Pierre Engvall.
8:59 of 3rd period - Deflect By Sammy Blais.
8:59 of 3rd period - Shot Misses the Net.
10:50 of 3rd period - Shot by Brett Howden.
10:50 of 3rd period - Shot Blocked by Seth Jones.
10:52 of 3rd period - Shot by Marcus Sorensen.
10:52 of 3rd period - Stopped by Craig Anderson without a rebound.
10:53 of 3rd period - Sammy Blais wins face-off versus Nico Hischier in NEW YORK R zone.
10:58 of 3rd period - Shot by Pierre Engvall.
10:58 of 3rd period - Shot Misses the Net.
11:16 of 3rd period - Shot by Henrik Borgstrom.
11:16 of 3rd period - Stopped by Craig Anderson without a rebound.
11:17 of 3rd period - Bo Horvat wins face-off versus Brett Howden in NEW YORK R zone.
11:37 of 3rd period - Icing by Marc-Edouard Vlasic.
11:38 of 3rd period - Bo Horvat wins face-off versus Robert Thomas in NEW YORK R zone.
11:59 of 3rd period - Shot by Robert Thomas.
11:59 of 3rd period - Shot Misses the Net.
12:02 of 3rd period - Icing by Marc-Edouard Vlasic.
12:03 of 3rd period - Bo Horvat wins face-off versus Marcus Sorensen in NEW YORK R zone.
12:49 of 3rd period - Connor Brown is hit by Jamie Oleksiak and loses puck.
13:00 of 3rd period - Shot by Leon Draisaitl.
13:00 of 3rd period - Deflect By Artemi Panarin.
13:00 of 3rd period - Stopped by Philipp Grubauer with a rebound.
13:19 of 3rd period - Shot by Cam Fowler.
13:19 of 3rd period - Deflect By Jake DeBrusk.
13:19 of 3rd period - Shot Blocked by Matt Roy.
13:34 of 3rd period - Shot by Nico Hischier.
13:34 of 3rd period - Shot Blocked by Marcus Sorensen.
13:50 of 3rd period - Shot by Andrei Svechnikov.
13:50 of 3rd period - Shot Misses the Net.
14:58 of 3rd period - Shot by Robert Thomas.
14:58 of 3rd period - Shot Misses the Net.
15:04 of 3rd period - Shot by Sam Gagner.
15:04 of 3rd period - Stopped by Craig Anderson with a rebound.
15:44 of 3rd period - Shot by Seth Jones.
15:44 of 3rd period - Stopped by Philipp Grubauer without a rebound.
15:45 of 3rd period - Bo Horvat wins face-off versus Robert Thomas in PITTSBURGH zone.
16:41 of 3rd period - Shot by Colton Parayko.
16:41 of 3rd period - Shot Blocked by Cale Makar.
16:43 of 3rd period - Shot by Brendan Lemieux.
16:43 of 3rd period - Shot Blocked by Danny DeKeyser.
16:45 of 3rd period - Shot by Leon Draisaitl.
16:45 of 3rd period - Shot Misses the Net.
16:47 of 3rd period - Shot by Brendan Lemieux.
16:47 of 3rd period - Stopped by Philipp Grubauer without a rebound.
16:48 of 3rd period - Leon Draisaitl wins face-off versus Henrik Borgstrom in PITTSBURGH zone.
17:45 of 3rd period - Shot by Bo Horvat.
17:45 of 3rd period - Goal by Bo Horvat - PITTSBURGH : 0 - NEW YORK R : 3.
17:46 of 3rd period - Brett Howden wins face-off versus Brendan Lemieux in neutral zone.
18:40 of 3rd period - Off-side.
18:41 of 3rd period - Bo Horvat wins face-off versus Sam Gagner in neutral zone.
19:43 of 3rd period - Shot by Gabriel Vilardi.
19:43 of 3rd period - Stopped by Philipp Grubauer without a rebound.
19:44 of 3rd period - Henrik Borgstrom wins face-off versus Nico Hischier in PITTSBURGH zone.
Goals for this period are 0 for PITTSBURGH vs 2 for NEW YORK R.
Shots for this period are 5 for PITTSBURGH vs 12 for NEW YORK R.